 Dungeon Crawl Stone Soup version 0.30.0-29-ga12c61a403 (webtiles) character file.

Game seed: 11991652825941993553

1292 croobank the Gusty (level 8, -10/60 HPs)
             Began as a Demonspawn Air Elementalist on June 24, 2023.
             Was a Believer of Ashenzari.
             Mangled by an ice beast (21 damage)
             ... on level 6 of the Dungeon.
             The game lasted 00:34:37 (7642 turns).

croobank the Gusty (Demonspawn Air Elementalist)    Turns: 7642, Time: 00:34:38

Health: -10/60     AC:  6    Str:  8    XL:     8   Next: 30%
Magic:  11/14      EV: 14    Int: 25    God:    Ashenzari [**....]
Gold:   21         SH:  0    Dex: 13    Spells: 5/15 levels left

rFire   . . .        g - +8 whip of Perfectionism {heavy, rC- Int+5}
rCold   x . .        (no shield)
rNeg    . . .        f - +1 robe of Ashenzari's Seeker {Cun, Evo} (curse)
rPois   .            (helmet restricted)
rElec   .            C - scarf "Share My Pessimism" {+Inv, Cun, Evo} (curse)
rCorr   .            k - +0 pair of gloves of Curses and Power {Fort, Range} (curse)
SInv    +            (no boots)
Will    .....        (no amulet)
Stlth   +++          (no ring)
HPRegen 0.30/turn    (no ring)
MPRegen 0.14/turn

%: no passive effects
@: no status effects
A: horns 1, thin metallic scales 1, demonic guardian 1
a: Renounce Religion, Evoke Invisibility, Shatter the Chains


You were on level 6 of the Dungeon.
You worshipped Ashenzari.
Ashenzari was pleased with you.
You visited 1 branch of the dungeon, and saw 6 of its levels.

You collected 409 gold pieces.
You spent 388 gold pieces at shops.

Inventory:

Hand Weapons
 b - a +0 sling
 g - the +8 whip of Perfectionism (weapon) {heavy, rC- Int+5}
   (You bought it in a shop on level 3 of the Dungeon)

   Int:       It affects your intelligence (+5).
   rC:        It makes you vulnerable to cold.
 o - a +0 short sword
 x - a +0 rapier of draining
 y - a +0 morningstar
 z - a +2 dagger of protection
 D - a +0 scimitar
Missiles
 a - a throwing net
 c - 6 boomerangs of dispersal
 h - 5 poisoned darts
Armour
 f - the cursed +1 robe of Ashenzari's Seeker (worn) {Cun, Evo}

   It has a curse which improves the following skills: Cunning: Dodging and
   Stealth.
   Evocations: Evocations.
 k - the cursed +0 pair of gloves of Curses and Power (worn) {Fort, Range}
   (You found it on level 1 of the Dungeon)

   It has a curse which improves the following skills: Fortitude: Armour and
   Shields.
   Ranged Combat: Ranged Weapons and Throwing.
 r - a +0 leather armour
 C - the cursed scarf "Share My Pessimism" (worn) {+Inv, Cun, Evo}
   (You bought it in a shop on level 3 of the Dungeon)

   It has a curse which improves the following skills: Cunning: Dodging and
   Stealth.
   Evocations: Evocations.
Jewellery
 s - an amulet of reflection
Wands
 v - a wand of iceblast (11)
Scrolls
 m - 4 scrolls of identify
 n - 3 scrolls of teleportation
 p - a scroll of poison
 t - a scroll of enchant armour
 w - a scroll of amnesia
 B - a scroll of magic mapping
Potions
 d - 2 potions of magic
 e - 2 potions of attraction
 i - 2 potions of haste
 j - a potion of mutation
 l - 2 potions of berserk rage
 u - a potion of resistance
 A - a potion of ambrosia
Miscellaneous
 q - a phantom mirror


   Skills:
 + Level 3.6 Fighting
 + Level 4.1(5.7) Dodging
 + Level 4.4(6.1) Stealth
 + Level 4.2 Spellcasting
 + Level 4.1 Conjurations
 + Level 4.5 Air Magic


You had 5 spell levels left.
You knew the following spells:

 Your Spells              Type           Power      Damage    Failure   Level
a - Shock                 Conj/Air       100%       1d9       1%          1
b - Static Discharge      Conj/Air       54%        2-5/arc   2%          2
c - Swiftness             Air            27%        N/A       4%          3
d - Airstrike             Air            13%        2d(2-18)  14%         4

Your spell library contained the following spells:

 Spells                   Type           Power      Damage    Failure   Level
 Ensorcelled Hibernation  Hex/Ice        10%        N/A       14%         2
 Passwall                 Tmut/Erth      4%         N/A       14%         2
 Ozocubu's Armour         Ice            5%         N/A       26%         3
 Ozocubu's Refrigeration  Ice            2%         4d8       100%        7


Dungeon Overview and Level Annotations

Branches:
Dungeon (6/15)             Temple (0/1) D:4

Altars:
Ashenzari
Dithmenos
Makhleb
Okawaru

Shops:
D:3 [[(:   D:5 *   D:6 *

Annotations:
D:5 1 runed translucent door


Innate Abilities, Weirdness & Mutations

You have a pair of small horns on your head.
You are partially covered in thin metallic scales. (AC +2)
A weak demonic guardian rushes to your aid.


Message History

Press: ? - help, Shift-Dir - straight line, f - ice beast
Aim: an ice beast (wandering, hasn't noticed you, 74% to hit)
The zap hits the ice beast but does no damage.
Casting: Shock (safe; 1% risk of failure)
Confirm with . or Enter, or press ? or * to list all spells.
Aiming: Shock (safe; 1% risk of failure)
Press: ? - help, Shift-Dir - straight line, f/p - ice beast
Aim: an ice beast (74% to hit)
The zap hits the ice beast.
The ice beast is lightly wounded.
Found a stone staircase leading down.
You hit the ice beast.
You headbutt the ice beast, but do no damage.
The ice beast is moderately wounded.
The ice beast hits you. The ice beast freezes you!!
You feel a terrible chill!
You barely miss the ice beast.
You headbutt the ice beast, but do no damage.
The ice beast is moderately wounded.
The ice beast barely misses you. The ice beast misses you.
You barely miss the ice beast.
You headbutt the ice beast, but do no damage.
The ice beast is moderately wounded.
The ice beast hits you. The ice beast freezes you!
You feel a terrible chill! The ice beast hits you. The ice beast freezes you!
You feel a terrible chill!
* * * LOW HITPOINT WARNING * * *
Casting: Shock (safe; 1% risk of failure)
Confirm with . or Enter, or press ? or * to list all spells.
The ice beast is struck by an arc of lightning.
The ice beast is moderately wounded.
You are struck by an arc of lightning.
* * * LOW HITPOINT WARNING * * *
The ice beast is struck by an arc of lightning.
The ice beast is moderately wounded.
You are struck by an arc of lightning.
* * * LOW HITPOINT WARNING * * *
The lightning grounds out.
The ice beast hits you.
* * * LOW HITPOINT WARNING * * *
A demonic guardian appears!
The ice beast freezes you!!
You feel a terrible chill!
You die...

###..#........#....#
#.... ##.)..........##.#
#.... #............##.##
#...[ ##..........###..#
#.... #..........* ##.#
#<[.∩ #..........*
#.######[..P
##........##
#..#........ ..........#
##.#)###....
......Y@.#####...###....
.....5..................
.........######...<.....
.>......[# #.........
.....^..#######.........
#......#≈~≈.............
...~~≈~ ~...###.........
* #~≈~≈.. .,* *
#......... * ~..# * *
#.........


You could see an ice beast (ally target) and a friendly iron imp (summoned).

Vanquished Creatures
  Menkaure (D:5)
  An ice beast (D:6)
  An ogre (D:6)
  A centaur (D:6)
  A bullfrog (D:6)
  A scorpion (D:5)
  3 wights (D:5)
  A howler monkey (D:3)
  3 hounds
  2 orc priests (D:6)
  An iguana (D:5)
  An orc wizard (D:4)
  8 adders
  2 gnolls (D:6)
  A shadow imp (D:5)
  An ufetubus (D:5)
  3 worms
  19 orcs
  8 endoplasms
  3 giant cockroaches
  10 goblins
  10 hobgoblins
  4 quokkas
  5 ball pythons (D:1)
  7 bats
  6 kobolds
  5 rats
109 creatures vanquished.

Vanquished Creatures (collateral kills)
  A black bear (D:5)
  An ogre (D:5)
  A gnoll (D:6)
  A hobgoblin (D:1)
  A frilled lizard (D:1)
5 creatures vanquished.

Grand Total: 114 creatures vanquished

Notes
Turn   | Place    | Note
-------+----------+-------------------------------------------
     0 | D:1      | croobank the Demonspawn Air Elementalist began the quest
                  | for the Orb.
     0 | D:1      | Reached XP level 1. HP: 13/13 MP: 3/3
   243 | D:1      | Gained mutation: A weak demonic guardian rushes to your
                  | aid. [demonic ancestry]
   243 | D:1      | Reached XP level 2. HP: 18/19 MP: 3/5
   444 | D:1      | Learned a level 2 spell: Static Discharge
   835 | D:1      | Gained mutation: You have a pair of small horns on your
                  | head. [demonic ancestry]
   835 | D:1      | Reached XP level 3. HP: 24/24 MP: 0/6
   908 | D:1      | Learned a level 3 spell: Swiftness
  2118 | D:2      | Reached XP level 4. HP: 21/31 MP: 0/7
  2304 | D:2      | Reached skill level 1 in Fighting
  2427 | D:2      | Found a faded altar of an unknown god.
  2437 | D:2      | Prayed at the altar of an unknown god.
  2437 | D:2      | Became a worshipper of Ashenzari the Shackled
  2880 | D:3      | Found Athregg's Antique Weapon Boutique.
  3215 | D:3      | Bought a fading whip for 180 gold pieces
  3215 | D:3      | Identified the +8 whip of Perfectionism {heavy, rC- Int+5}
                  | (You bought it in a shop on level 3 of the Dungeon)
  3216 | D:3      | Found Ixaoxzoa's Armour Shoppe.
  3264 | D:3      | Reached XP level 5. HP: 21/37 MP: 0/9
  3356 | D:3      | Reached * piety under Ashenzari
  3359 | D:3      | Found Rixky's Antique Armour Boutique.
  3448 | D:3      | Found Riocaofu's Book Shoppe.
  3967 | D:3      | Found a burning altar of Makhleb.
  4176 | D:4      | Found a staircase to the Ecumenical Temple.
  4612 | D:4      | Identified the cursed +0 pair of gloves of Curses and Power
                  | {Fort, Range} (You found it on level 1 of the Dungeon)
  4612 | D:4      | Identified the cursed +1 robe of Ashenzari's Seeker {Cun,
                  | Evo}
  4998 | D:5      | Entered Level 5 of the Dungeon
  5089 | D:5      | Found Ymoacw's Elemental Accessories.
  5224 | D:5      | Noticed a black bear
  5232 | D:5      | Killed a black bear
  5233 | D:5      | Reached XP level 6. HP: 25/44 MP: 4/10
  5316 | D:5      | Noticed Menkaure
  5325 | D:5      | Killed Menkaure
  5568 | D:5      | Found a shadowy altar of Dithmenos.
  5577 | D:5      | Reached XP level 7. HP: 23/51 MP: 3/12
  5660 | D:5      | Found an iron altar of Okawaru.
  5688 | D:5      | Found a runed translucent door.
  6211 | D:6      | Found Lappaf's Assorted Antiques.
  6612 | D:3      | Bought a glowing scarf for 208 gold pieces
  6617 | D:3      | Reached ** piety under Ashenzari
  6962 | D:6      | Gained mutation: You are partially covered in thin metallic
                  | scales. (AC +2) [demonic ancestry]
  6962 | D:6      | Reached XP level 8. HP: 28/58 MP: 7/14
  7270 | D:6      | Learned a level 4 spell: Airstrike
  7642 | D:6      | Mangled by an ice beast

Illustrated notes

Levels and vault maps discovered:
D:1:      beargit_arrival_diablo_church, layout_basic, minmay_pentomino_w4
D:2:      layout_basic, chequers_ecumenical_altar_simple
D:3:      minmay_evil_eye, layout_loops_corners,
          mainiacjoe_overflow_small_starburst, general_overflow_altar,
          serial_shops, shop, shop, shop_statue, shop, minmay_checkerbox
D:4:      layout_gridville, temple_pool_b
D:5:      layout_rooms, old_standard_altar, mainiacjoe_overflow_tiny_flanked,
          roderic_roman_lattice, nicolae_elemental_shop,
          chequers_serial_rivers_small_a, lightli_church_of_beogh, uniq_sigmund,
          uniq_menkaure
D:6:      layout_rooms, nicolae_uskayaw_suspiria, serial_curves, eino_curves_03,
          eino_curves_04, serial_shops, nicolae_shop_overgrown_old_shop,
          chequers_serial_rivers_small_a

Skill      XL: |  1  2  3  4  5  6  7  8 |
---------------+-------------------------+-----
Stealth        | 2 3 4 |  4.4
Dodging        | 2 3 4 |  4.1
Air Magic      | 3 4 |  4.5
Fighting       | 1 2 3 |  3.6
Conjurations   | 2 3 4 |  4.1
Spellcasting   | 3 4 |  4.2

Action                     |  1- 3 |  4- 6 |  7- 9 || total
---------------------------+-------+-------+-------++-------
  Melee: Dagger            |     5 |     7 |       ||    12
         Headbutt          |     2 |     3 |     5 ||    10
         Whip              |       |    17 |    15 ||    32
         Sling             |       |     1 |       ||     1
         Punch             |       |       |     1 ||     1
   Fire: Sling             |    77 |    93 |    21 ||   191
   Cast: Shock             |    45 |    22 |    35 ||   102
         Static Discharge  |     4 |    22 |    25 ||    51
         Airstrike         |       |       |     3 ||     3
 Invoke: Curse Item        |       |     2 |     1 ||     3
    Use: Potion            |     1 |     2 |       ||     3
         Scroll            |     2 |     9 |       ||    11
 Armour: Robe              |    13 |    17 |    13 ||    43
         Skin              |       |     7 |       ||     7
  Dodge: Dodged            |    36 |    48 |    51 ||   135
